 Dungeon Crawl Stone Soup version 0.31-a0-640-g39d97e502b (webtiles) character file.

Game seed: 7768864125185713826

410 qw the Shooter (level 6, -1/39 HPs)
             Began as a Gargoyle Hunter on Aug 27, 2023.
             Slain by an iguana (3 damage)
             ... on level 5 of the Dungeon.
             The game lasted 00:01:14 (3659 turns).

qw the Shooter (Gargoyle Hunter)                    Turns: 3659, Time: 00:01:15

Health: -1/39      AC: 11    Str: 14    XL:     6   Next: 89%
Magic:  6/6        EV: 10    Int: 10    God:
Gold:   83         SH:  0    Dex: 15    Spells: 5/5 levels left

rFire   . . .        e - -2 triple crossbow
rCold   . . .        (shield currently unavailable)
rNeg    + . .        a - +0 ring mail
rPois   inf          i - +1 hat {SInv}
rElec   +            (no cloak)
rCorr   .            (no gloves)
SInv    +            b - +0 pair of boots
Will    .....        (no amulet)
Stlth   +            (no ring)
HPRegen 0.26/turn    (no ring)
MPRegen 0.10/turn

%: no passive effects
@: about to teleport
A: sickness immunity, AC +4, negative energy resistance 1, electricity
resistance, torment resistance 1, petrification resistance
a: no special abilities


You were on level 5 of the Dungeon.
You visited 1 branch of the dungeon, and saw 5 of its levels.

You collected 240 gold pieces.
You spent 157 gold pieces at shops.


Innate Abilities, Weirdness & Mutations

You are immune to sickness and miasma.
Your stone body is resilient. (AC +4)
You are immune to poison.
You resist negative energy. (rN+)
You are resistant to electric shocks. (rElec)
You are resistant to unholy torment.
You are immune to petrification.


   Skills:
 - Level 4.6 Fighting
 + Level 6.9 Ranged Weapons
 - Level 1.0 Armour
 - Level 1.5 Dodging
 - Level 1.1 Stealth


You had 5 spell levels left.
You didn't know any spells.
Your spell library was empty.

Inventory:

Hand Weapons
 e - a -2 triple crossbow (weapon)
Armour
 a - a +0 ring mail (worn)
 b - a +0 pair of boots (worn)
 i - a +1 hat of see invisible (worn)
Scrolls
 j - a scroll of identify
Potions
 c - a potion of cancellation {unknown}
 f - a potion of resistance
 g - 8 potions of curing
 h - a potion of lignification {unknown}
 k - a potion of magic {unknown}
 l - a potion of degeneration {unknown}
 m - a potion of heal wounds {unknown}

Dungeon Overview and Level Annotations

Branches:
Dungeon (5/15)
 Temple: D:4-7

Altars:

Shops:
D:1 (   D:3 =!**   D:4 *


Message History

You shoot a bolt. The bolt misses the adder.
The adder bites you but does no damage. The iguana closely misses you.
The adder closely misses you.
The orc priest hits you with a +0 flail.
The iguana completely misses you. The adder bites you but does no damage.
The orc priest hits you with a +0 flail.
You shoot a bolt. The bolt barely misses the adder.
The adder bites you but does no damage.
The iguana bites you but does no damage.
The orc priest hits you but does no damage.
The adder bites you. The iguana bites you. The orc priest barely misses you.
You shoot a bolt. The bolt barely misses the adder.
The adder barely misses you. The adder completely misses you.
The iguana bites you. The orc priest barely misses you.
The adder bites you but does no damage. The iguana bites you.
The orc priest hits you but does no damage.
You shoot a bolt. The bolt hits the adder!
You kill the adder!
The iguana bites you but does no damage.
The orc priest hits you with a +0 flail.
The iguana barely misses you. The sleepcap barely misses you.
The orc priest hits you but does no damage.
You shoot a bolt. The bolt barely misses the orc priest.
The iguana bites you but does no damage.
The sleepcap releases spores at you but does no damage.
The orc priest barely misses you.
The iguana bites you but does no damage.
The sleepcap releases spores at you but does no damage.
The orc priest closely misses you.
You shoot a bolt.
The bolt hits the orc priest but does no damage.
The iguana barely misses you. The sleepcap closely misses you.
The orc priest calls down the wrath of Beogh upon you.
Beogh smites you! The iguana closely misses you.
The sleepcap barely misses you.
The orc priest hits you but does no damage.
3659 ||| READING scroll of teleportation.
As you read the scroll of teleportation, it crumbles to dust.
You feel strangely unstable. The iguana bites you.
You die...

.........##..###.....
......[..##......... ...
....[..............#....
...................#....
.........................
#........................
#...###..........##......
#..............o@l.......
##.........>..###f...[...
#.....##..<....l.........
#.............f#........
####...........##.......
#.$<.......### .......
#............ .......
#.............. ....###
##.#.............####


You could see a sleepcap, an iguana and an orc priest.

Vanquished Creatures
  A phantom (D:5)
  2 scorpions (D:4)
  A howler monkey (D:3)
  A gnoll bouda (D:3)
  4 gnolls (D:3)
  3 adders
  A shadow imp (D:3)
  An ufetubus (D:4)
  2 worms
  2 dart slugs
  7 orcs (D:3)
  7 ball pythons
  3 endoplasms
  5 giant cockroaches
  6 hobgoblins
  3 jackals (D:3)
  4 quokkas
  3 bats
  3 frilled lizards
  2 goblins
  4 kobolds
  3 rats
68 creatures vanquished.

Notes
Turn   | Place    | Note
-------+----------+-------------------------------------------
     0 | D:1      | qw the Gargoyle Hunter began the quest for the Orb.
     0 | D:1      | Reached XP level 1. HP: 12/12 MP: 1/1
     0 | D:1      | 0 ||| qw: Version: 0.3-a-74-g0d5e918
     0 | D:1      | 0 ||| qw: Game counter: 68
     0 | D:1      | 0 ||| qw: Melee chars always use a shield: true
     0 | D:1      | 0 ||| qw: God list: Okawaru
     0 | D:1      | 0 ||| qw: Allow faded altars: false
     0 | D:1      | 0 ||| qw: Do Orc after clearing Dungeon:15 true
     0 | D:1      | 0 ||| qw: Do second Lair branch before Depths: true
     0 | D:1      | 0 ||| qw: Lair rune preference: random
     0 | D:1      | 0 ||| qw: Goals: Normal
     0 | D:1      | 0 ||| PLANNING D:1-11
   179 | D:1      | 179 ||| Stepping ~*~*~tactically~*~*~ (water).
   181 | D:1      | Reached XP level 2. HP: 17/17 MP: 2/2
   489 | D:1      | Found Puwkeree's Antique Weapon Boutique.
   911 | D:1      | 911 ||| DROPPING ring of magical power.
   912 | D:1      | 912 ||| READING scroll labelled QIUJALOCHO.
   913 | D:1      | 913 ||| READING scroll labelled FIMIAK ETEOR.
   914 | D:1      | 914 ||| READING 2 scrolls labelled NUFIEH SYURI.
   915 | D:1      | 915 ||| DROPPING scroll of butterflies.
   916 | D:1      | 916 ||| DROPPING scroll of revelation.
   941 | D:2      | 941 ||| STAIRDANCE
  1023 | D:2      | Reached XP level 3. HP: 21/21 MP: 3/3
  1167 | D:2      | Reached skill level 5 in Ranged Weapons
  1630 | D:2      | Reached skill level 3 in Fighting
  1771 | D:2      | 1771 ||| UPGRADING to +0 ring mail.
  1781 | D:2      | 1781 ||| UPGRADING to +0 pair of boots.
  1786 | D:2      | 1786 ||| DROPPING +0 leather armour.
  1787 | D:2      | 1787 ||| UPGRADING to +1 hat of see invisible.
  1792 | D:2      | 1792 ||| READING 2 scrolls labelled RIOHOBRIYPH.
  1795 | D:2      | 1795 ||| READING scroll labelled ELEF HURYULLA.
  1796 | D:2      | 1796 ||| DRINKING 3 glowing green potions.
  1841 | D:3      | Reached skill level 1 in Armour
  1841 | D:3      | Reached XP level 4. HP: 28/28 MP: 4/4
  1843 | D:3      | 1843 ||| RETREATING.
  1848 | D:3      | 1848 ||| Stepping ~*~*~tactically~*~*~ (retreating).
  1849 | D:3      | 1849 ||| Stepping ~*~*~tactically~*~*~ (retreating).
  1850 | D:3      | 1850 ||| Stepping ~*~*~tactically~*~*~ (retreating).
  1852 | D:3      | 1852 ||| Stepping ~*~*~tactically~*~*~ (retreating).
  1870 | D:3      | Reached XP level 5. HP: 16/32 MP: 5/5
  1951 | D:3      | Found Ganlyel's Assorted Antiques.
  1957 | D:3      | 1957 ||| SHOPLISTING embroidered cloak (210 gold, have
                  | 100).
  1957 | D:3      | 1957 ||| BUYING potion of curing (84 gold).
  1957 | D:3      | Bought a potion of curing for 84 gold pieces
  1957 | D:3      | 1957 ||| SHOPLISTING runed copper wand (112 gold, have 16).
  1957 | D:3      | 1957 ||| SHOPLISTING scroll labelled ICUIS OMIZXE (28 gold,
                  | have 16).
  1957 | D:3      | 1957 ||| SHOPLISTING scroll labelled UGIH MOSSORAV (28
                  | gold, have 16).
  1957 | D:3      | 1957 ||| SHOPLISTING scroll labelled VOIPRAM USCHILYPT (28
                  | gold, have 16).
  2121 | D:3      | Found Raobb's Jewellery Boutique.
  2124 | D:3      | 2124 ||| SHOPLISTING +6 ring of strength (396 gold, have
                  | 41).
  2124 | D:3      | 2124 ||| SHOPLISTING amulet of faith (440 gold, have 41).
  2124 | D:3      | 2124 ||| SHOPLISTING amulet of regeneration (330 gold, have
                  | 41).
  2124 | D:3      | 2124 ||| SHOPLISTING ring "Kezuco" {rElec rPois rC+++ Will+
                  | Str-2} (814 gold, have 41).
  2124 | D:3      | 2124 ||| SHOPLISTING ring of ice (275 gold, have 41).
  2124 | D:3      | 2124 ||| SHOPLISTING ring of see invisible (165 gold, have
                  | 41).
  2317 | D:3      | Found Cehuon's Assorted Antiques.
  2322 | D:3      | 2322 ||| SHOPLISTING gilded ring (140 gold, have 51).
  2322 | D:3      | 2322 ||| SHOPLISTING glowing ring mail (196 gold, have 51).
  2322 | D:3      | 2322 ||| SHOPLISTING ivory ring (140 gold, have 51).
  2322 | D:3      | 2322 ||| SHOPLISTING pair of gloves (126 gold, have 51).
  2322 | D:3      | 2322 ||| SHOPLISTING scroll of teleportation (84 gold, have
                  | 51).
  2510 | D:3      | Found a faded altar of an unknown god.
  2572 | D:3      | Found Hoechade's Distillery.
  2582 | D:3      | 2582 ||| BUYING potion of curing (36 gold).
  2582 | D:3      | Bought a potion of curing for 36 gold pieces
  2582 | D:3      | 2582 ||| BUYING potion of curing (36 gold).
  2582 | D:3      | Bought a potion of curing for 36 gold pieces
  2582 | D:3      | 2582 ||| SHOPLISTING potion of enlightenment (60 gold, have
                  | 23).
  2582 | D:3      | 2582 ||| SHOPLISTING potion of might (48 gold, have 23).
  2582 | D:3      | 2582 ||| SHOPLISTING potion of mutation (96 gold, have 23).
  2759 | D:3      | 2759 ||| FLEEEEING.
  2788 | D:3      | Reached skill level 6 in Ranged Weapons
  2948 | D:3      | 2948 ||| READING 2 scrolls of identify.
  2948 | D:3      | 2948 ||| IDENTIFYING murky purple potion
  3004 | D:4      | 3004 ||| STAIRDANCE
  3017 | D:4      | Reached XP level 6. HP: 34/39 MP: 6/6
  3017 | D:4      | 3017 ||| STAIRDANCE
  3125 | D:4      | Found Xets's Lightly-Used Armoury.
  3140 | D:4      | 3140 ||| BUYING -2 triple crossbow (1 gold).
  3140 | D:4      | Bought a -2 triple crossbow for 1 gold piece
  3140 | D:4      | 3140 ||| SWAPPING to -2 triple crossbow.
  3141 | D:4      | 3141 ||| DROPPING +0 shortbow.
  3209 | D:4      | Identified the +0 flail "Cuezxu Tuot" {heavy, rC- Will+
                  | SInv}
  3528 | D:5      | Entered Level 5 of the Dungeon
  3541 | D:5      | 3541 ||| FLEEEEING.
  3542 | D:5      | 3542 ||| STAIRDANCE
  3638 | D:5      | 3638 ||| RETREATING.
  3643 | D:5      | 3643 ||| Stepping ~*~*~tactically~*~*~ (retreating).
  3644 | D:5      | 3644 ||| Stepping ~*~*~tactically~*~*~ (retreating).
  3645 | D:5      | 3645 ||| Stepping ~*~*~tactically~*~*~ (retreating).
  3646 | D:5      | 3646 ||| Stepping ~*~*~tactically~*~*~ (retreating).
  3647 | D:5      | 3647 ||| Stepping ~*~*~tactically~*~*~ (retreating).
  3649 | D:5      | 3649 ||| Stepping ~*~*~tactically~*~*~ (retreating).
  3650 | D:5      | 3650 ||| Stepping ~*~*~tactically~*~*~ (retreating).
  3658 | D:5      | HP: 2/39 [orc priest/divine providence (14)]
  3659 | D:5      | 3659 ||| READING scroll of teleportation.
  3659 | D:5      | Slain by an iguana

Levels and vault maps discovered:
D:1:      dpeg_arrival_rhombi, layout_basic, serial_shops, shop,
          chequers_serial_rivers_large_a, minmay_small_reverse_x
D:2:      layout_basic
D:3:      layout_loops_corners, serial_shops, nicolae_shop_tiny_real_fake_doors,
          shop, shop, nicolae_shop_peninsula,
          shapermc_ecumenical_altar_mp_urbaneastern, hangedman_glass_teeth,
          dreamdust_wishing_well
D:4:      layout_basic, grunt_ministairs_10, minmay_shop_damaged,
          kennysheep_generic_room_11
D:5:      minmay_spotlight, layout_cave_pools,
          gammafunk_temple_overflow_elements

Skill      XL: |  1  2  3  4  5 |
---------------+----------------+-----
Ranged Weapons | 5 6 |  6.9
Fighting       | 3 4 |  4.6
Armour         | 1 |  1.0
Dodging        | |  1.5
Stealth        | |  1.1

Action                     |  1- 3 |  4- 6 || total
---------------------------+-------+-------++-------
   Fire: Shortbow          |   116 |   103 ||   219
         Triple crossbow   |       |    42 ||    42
    Use: Scroll            |     5 |     2 ||     7
         Potion            |     1 |       ||     1
 Armour: Leather armour    |    18 |       ||    18
         Ring mail         |       |    56 ||    56
  Dodge: Dodged            |    29 |    66 ||    95

Table legend:
 A = Non-vault XP
 B = Vault XP
 C = Vault XP percentage of total XP
 D = Non-vault monster count
 E = Vault monster count
 F = Vault count percentage of total count
                 A         B        C        D         E       F
            +---------+---------+-------+---------+---------+-------
      Total |     565 |      22 |   3.7 |      61 |       7 |  10.3
            +---------+---------+-------+---------+---------+-------
        D:1 |      20 |       6 |  23.1 |      12 |       4 |  25.0
        D:2 |      53 |       0 |   0.0 |      14 |       0 |   0.0
        D:3 |     207 |       0 |   0.0 |      26 |       0 |   0.0
        D:4 |     180 |       3 |   1.6 |       8 |       2 |  20.0
        D:5 |     105 |      13 |  11.0 |       1 |       1 |  50.0
            +---------+---------+-------+---------+---------+-------
